 Dungeon Crawl Stone Soup version 0.27.0 (webtiles) character file.

Game seed: 13102258156476763083

852 ZARRMARR the Chucker (level 8, -1/66 HPs)
             Began as a Hill Orc Fighter on July 30, 2021.
             Was an Initiate of Beogh.
             Slain by a water moccasin (4 damage)
             ... on level 5 of the Dungeon.
             The game lasted 00:31:34 (4994 turns).

ZARRMARR the Chucker (Hill Orc Fighter)             Turns: 4994, Time: 00:31:37

Health: -1/66      AC:  7    Str: 21    XL:     8   Next: 1%
Magic:  8/8        EV:  7    Int:  8    God:    Beogh [......]
Gold:   205        SH:  9    Dex: 10    Spells: 7/7 levels left

rFire    + . .     SeeInvis .   j - +2 dagger (elec)
rCold    . . .     Faith    .   c - +0 kite shield
rNeg     . . .     Spirit   .   o - +0 scale mail {rF+}
rPois    .         Reflect  .   (no helmet)
rElec    .         Harm     .   (no cloak)
rCorr    .         Rampage  .   (no gloves)
Will     .....                  (no boots)
Stlth    ..........             (no amulet)
HPRegen  0.21/turn              (no ring)
MPRegen  0.11/turn              (no ring)

@: mighty, about to teleport
A: no striking features
a: Renounce Religion


You were on level 5 of the Dungeon.
You worshipped Beogh.
Beogh was noncommittal.
You visited 1 branch of the dungeon, and saw 5 of its levels.

You collected 205 gold pieces.

Inventory:

Hand Weapons
 a - a +1 war axe of draining
 j - a +2 dagger of electrocution (weapon)
Missiles
 i - 87 stones (quivered)
 r - 2 throwing nets
Armour
 c - a +0 kite shield (worn)
 o - a +0 scale mail of fire resistance (worn)
Jewellery
 f - a ring of fire
Scrolls
 b - a scroll of amnesia {unknown}
 e - 2 scrolls of enchant armour {unknown}
 k - 3 scrolls of torment
 l - 4 scrolls of teleportation
Potions
 d - 3 potions of curing
 g - a potion of brilliance {unknown}
 h - a potion of flight {unknown}
 m - a potion of magic {unknown}
 p - a potion of attraction {unknown}
 q - a potion of resistance {unknown}


   Skills:
 - Level 3.9 Fighting
 - Level 3.2 Axes
 + Level 7.3 Throwing
 - Level 3.8 Armour
 - Level 3.7 Shields


You had 7 spell levels left.
You didn't know any spells.
Your spell library contained the following spells:

 Spells                   Type           Power      Damage    Failure   Level
 Magic Dart               Conj           0%         1d3       99%         1
 Sandblast                Erth           0%         2d4       99%         1
 Passwall                 Tmut/Erth      0%         N/A       100%        2
 Searing Ray              Conj           0%         3d3       100%        2
 Fulminant Prism          Conj/Hex       0%         3d6       100%        4
 Lee's Rapid Deconstruct  Erth           0%         3d5*      100%        5


Dungeon Overview and Level Annotations

Branches:
Dungeon (5/15)
 Temple: D:4-7

Altars:
Fedhas
Trog
Wu Jian
Beogh


Message History

The water moccasin is heavily wounded.
The water moccasin bites you but does no damage.
The orc hits you with a +0 club. The water moccasin bites you.
You hit the scorpion. Lightning courses through the scorpion!
The scorpion is severely wounded.
The scorpion stings you but does no damage.
You block the water moccasin's attack. The orc hits you but does no damage.
The scorpion stings you.
You are poisoned.
The scorpion poisons you!
You feel very sick. The water moccasin bites you.
You feel very sick.
You feel sick. The water moccasin closely misses you.
You feel sick.
You feel sick.
The water moccasin bites you but does no damage.
You block the water moccasin's attack.
There is a stone staircase leading up here.
You hit the orc.
The orc is almost dead.
You feel sick. The orc closely misses you.
You block the water moccasin's attack.
You feel very mighty all of a sudden.
You feel sick.
The water moccasin bites you but does no damage.
You block the orc's attack. The water moccasin bites you.
* * * LOW HITPOINT WARNING * * *
You are lethally poisoned!
The water moccasin poisons you!
You feel better. You block the orc's attack. The scorpion stings you.
* * * LOW HITPOINT WARNING * * *
The water moccasin bites you but does no damage.
As you read the scroll of teleportation, it crumbles to dust.
You feel strangely unstable. The water moccasin bites you.
* * * LOW HITPOINT WARNING * * *
The scorpion stings you.
* * * LOW HITPOINT WARNING * * *
The orc hits you but does no damage. The water moccasin bites you.
You die...

##. #.# ....)....
..#..##.# ...).....
.....#.###>.......
#.............. .
#.............. #..
#......#....... #._.
#......#....... ...#
#..S...........
...#.@o....##.....
#####.#^.s....# #####
........####..#####...
#.##..#..# #......(.#
.....##.###.######...
####. #.##..# #
##.##.#### #........#
#........#


You could see a water moccasin, a scorpion and an orc.

Vanquished Creatures
  Grinder (D:3)
  2 necrophages (D:4)
  A phantom (D:5)
  A kobold brigand (D:4)
  A bullfrog zombie (D:3)
  A hound (D:4)
  Jessica (D:3)
  An orc wizard (D:4)
  Natasha (thrice) (D:3)
  2 adders
  An adder zombie (D:5)
  A worm (D:4)
  3 dart slugs
  7 orcs
  10 ball pythons
  6 endoplasms
  6 giant cockroaches
  12 hobgoblins
  19 jackals
  4 quokkas
  3 bats
  4 frilled lizards
  13 goblins
  9 kobolds
  10 rats
  9 bushes (D:4)
131 creatures vanquished.

Vanquished Creatures (others)
  3 orc priests (D:5)
  7 plants (D:4)
10 creatures vanquished.

Grand Total: 141 creatures vanquished

Notes
Turn   | Place    | Note
-------+----------+-------------------------------------------
     0 | D:1      | ZARRMARR the Hill Orc Fighter began the quest for the Orb.
     0 | D:1      | Reached XP level 1. HP: 19/19 MP: 1/1
   268 | D:1      | Reached XP level 2. HP: 11/27 MP: 2/2
   721 | D:1      | Reached XP level 3. HP: 33/33 MP: 3/3
  1269 | D:2      | Reached skill level 1 in Throwing
  1418 | D:2      | Found a roughly hewn altar of Beogh.
  1437 | D:2      | Reached XP level 4. HP: 35/40 MP: 4/4
  1500 | D:2      | Found a faded altar of an unknown god.
  1897 | D:2      | Reached skill level 2 in Throwing
  2151 | D:3      | Reached XP level 5. HP: 46/46 MP: 5/5
  2326 | D:3      | Reached skill level 3 in Throwing
  2379 | D:3      | Noticed Jessica
  2388 | D:3      | Killed Jessica
  2574 | D:3      | Noticed Natasha
  2581 | D:3      | Killed Natasha
  2614 | D:3      | Noticed Grinder
  2623 | D:3      | Paralysed by Grinder for 6 turns
  2637 | D:3      | Killed Grinder
  2638 | D:3      | Reached skill level 5 in Throwing
  2638 | D:3      | Reached XP level 6. HP: 44/52 MP: 6/6
  2933 | D:3      | Found an ornate altar of the Wu Jian Council.
  2970 | D:3      | Noticed Natasha
  2977 | D:3      | Killed Natasha
  3129 | D:3      | Noticed Natasha
  3140 | D:3      | Killed Natasha
  3409 | D:4      | Reached XP level 7. HP: 51/58 MP: 7/7
  3585 | D:4      | Found a blossoming altar of Fedhas.
  3790 | D:4      | Reached skill level 6 in Throwing
  4277 | D:4      | Reached skill level 7 in Throwing
  4945 | D:5      | Entered Level 5 of the Dungeon
  4956 | D:5      | Found a bloodstained altar of Trog.
  4974 | D:5      | Became a worshipper of Beogh the Brigand
  4981 | D:5      | Reached XP level 8. HP: 41/66 MP: 8/8
  4994 | D:5      | HP: 3/66 [scorpion (6)]
  4994 | D:5      | Slain by a water moccasin

Illustrated notes

Levels and vault maps discovered:
D:1:      moated_graveyard_arrival, layout_rooms, grunt_decor_clamped
D:2:      layout_rooms, hellmonk_ecumenical_altar_defaced_shrine
D:3:      layout_basic, kennysheep_flooded_box, uniq_jessica, uniq_natasha,
          uniq_grinder
D:4:      layout_basic, fedhas_altar_2, lexackson_kobold_supper
D:5:      layout_rooms, mainiacjoe_overflow_cross_hatched,
          chequers_serial_rivers_small_3

Skill      XL: |  1  2  3  4  5  6  7 |
---------------+----------------------+-----
Axes           | 3 |  3.2
Throwing       | 1 2 5 7 |  7.3
Fighting       | |  3.9
Armour         | |  3.8
Shields        | |  3.7

Action                   |  1- 3 |  4- 6 |  7- 9 || total
-------------------------+-------+-------+-------++-------
Melee: War axe           |    94 |    44 |       ||   138
       Dagger            |       |    50 |   409 ||   459
Throw: Stone             |    44 |    95 |    42 ||   181
Invok: Convert to Beogh  |       |       |     1 ||     1
  Use: Scroll            |     4 |     2 |     1 ||     7
       Potion            |       |     1 |     2 ||     3
Armor: Scale mail        |    55 |    32 |    52 ||   139
Dodge: Dodged            |    40 |    20 |    30 ||    90
Block: Kite shield       |    56 |    49 |    65 ||   170
